 Dungeon Crawl Stone Soup version 0.29.1-12-g30fa7ad0bf (webtiles) character file.

Game seed: 4701843110170367310

545 ThatPearl the Trooper (level 7, 0/58 HPs)
             Began as a Demonspawn Berserker on Jan 15, 2023.
             Was a Believer of Trog.
             Slain by an orc priest
             ... wielding a +0 flail
              (9 damage)
             ... on level 4 of the Dungeon.
             The game lasted 00:07:19 (4577 turns).

ThatPearl the Trooper (Demonspawn Berserker)        Turns: 4577, Time: 00:07:19

Health: 0/58       AC:  3    Str: 17    XL:     7   Next: 6%
Magic:  7/7        EV: 11    Int: 11    God:    Trog [**....]
Gold:   79         SH:  4    Dex: 12    Spells: 6/6 levels left

rFire   . . .      SeeInvis .   n - +2 flail (vorpal)
rCold   . . .      Faith    +   (no shield)
rNeg    + . .      Spirit   .   k - +0 leather armour
rPois   .          Reflect  .   (no helmet)
rElec   .          Harm     .   (no cloak)
rCorr   .          Rampage  .   (no gloves)
Will    ++...                   (no boots)
Stlth   +.........              g - amulet of faith
HPRegen 1.19/turn               i - ring of positive energy
MPRegen 0.10/turn               (no ring)

@: strong-willed (expiring), on berserk cooldown, regenerating (expiring),
slowed, very slow
A: condensation shield, demonic magic 2
a: Renounce Religion, Berserk, Trog's Hand


You were on level 4 of the Dungeon.
You worshipped Trog.
Trog was pleased with you.
You visited 1 branch of the dungeon, and saw 4 of its levels.

You collected 79 gold pieces.

Inventory:

Hand Weapons
 a - a +0 hand axe
 l - a +2 vorpal spear
 n - a +2 vorpal flail (weapon)
Missiles
 d - 39 stones (quivered)
Armour
 k - a +0 leather armour (worn)
Jewellery
 g - an amulet of faith (around neck)
 i - a ring of positive energy (left hand)
Wands
 p - a wand of flame (9)
Scrolls
 e - 2 scrolls of poison {unknown}
 m - a scroll of identify {unknown}
Potions
 b - a potion of brilliance {unknown}
 c - 2 potions of might {unknown}
 f - 2 potions of attraction {unknown}
 h - a potion of curing
 j - a potion of flight {unknown}
 o - 2 potions of heal wounds {unknown}


   Skills:
 + Level 6.1 Fighting
 + Level 5.5 Axes
 - Level 1.7 Armour
 - Level 1.7 Dodging


You had 6 spell levels left.
You didn't know any spells.
Your spell library was empty.

Dungeon Overview and Level Annotations

Branches:
Dungeon (4/15)
 Temple: D:4-7

Altars:
Fedhas
Makhleb
Vehumet
Yredelemnul


Innate Abilities, Weirdness & Mutations

A meltable shield of frost defends you. (SH +4)
Spells you cast may paralyse nearby enemies.


Message History

The orc priest calls down the wrath of Beogh upon you.
Beogh smites you!
You hear a shout! x2
You barely miss the orc priest.
The orc priest hits you with a +0 flail.
An orc comes into view. It is wielding a +0 hand axe.
The orc priest hits you with a +0 flail.
The orc moves out of view.
You closely miss the orc priest. You block the orc priest's attack.
The orc priest calls down the wrath of Beogh upon you.
Beogh smites you!
* * * LOW HITPOINT WARNING * * *
Your skin crawls.
You feel strong-willed. You block the orc priest's attack.
You hit the orc priest.
The orc priest is lightly wounded.
The orc priest hits you but does no damage.
You block the orc priest's attack.
A dart slug comes into view.
You barely miss the orc priest.
The orc priest is lightly wounded.
The orc priest mumbles some strange prayers to Beogh against you.
Beogh smites you!
* * * LOW HITPOINT WARNING * * *
The orc priest hits you with a +0 flail.
* * * LOW HITPOINT WARNING * * *
An orc comes into view. It is wielding a +0 whip.
The orc shouts!
You sock the orc priest!
The orc priest is almost dead.
You feel the effects of Trog's Hand fading.
The orc priest looks braver for a moment.
The orc priest barely misses you.
You barely miss the orc priest.
The orc priest is almost dead.
The orc priest hits you with a +0 flail.
* * * LOW HITPOINT WARNING * * *
The orc priest hits you with a +0 flail!
You die...

# ... # .. # .. # w
######## ###o #.......
.o# .# #....... #o#
...####....... #@#
#.........>..
##.###.............
.#####......####........
........#####...........
.######.###...###.......
#..†..### #.......
#..#### ###..<.. #..#
####.. #### #..


You could see an orc priest, a dart slug and 2 orcs.

Vanquished Creatures
  Grinder (D:4)
  An ogre (D:4)
  A scorpion (D:4)
  An iguana (D:3)
  6 gnolls (D:3)
  6 adders
  2 worms (D:2)
  2 dart slugs (D:2)
  4 orcs
  3 endoplasms
  3 giant cockroaches
  6 goblins
  7 hobgoblins
  A quokka (D:1)
  4 ball pythons
  4 bats
  7 frilled lizards
  4 kobolds
  6 rats
69 creatures vanquished.

Vanquished Creatures (others)
  5 toadstools (D:1)
5 creatures vanquished.

Grand Total: 74 creatures vanquished

Notes
Turn   | Place    | Note
-------+----------+-------------------------------------------
     0 | D:1      | ThatPearl the Demonspawn Berserker began the quest for the
                  | Orb.
     0 | D:1      | Reached XP level 1. HP: 18/18 MP: 1/1
   209 | D:1      | Gained mutation: Spells you cast may paralyse adjacent
                  | enemies. [demonic ancestry]
   209 | D:1      | Reached XP level 2. HP: 24/24 MP: 2/2
   813 | D:1      | Found a faded altar of an unknown god.
  1458 | D:2      | Reached XP level 3. HP: 24/30 MP: 3/3
  1765 | D:2      | Reached ** piety under Trog
  2245 | D:2      | Reached skill level 4 in Fighting
  2306 | D:2      | Gained mutation: A meltable shield of frost defends you.
                  | (SH +4) [demonic ancestry]
  2306 | D:2      | Reached XP level 4. HP: 15/37 MP: 4/4
  2799 | D:3      | Found a radiant altar of Vehumet.
  2884 | D:3      | Found a burning altar of Makhleb.
  3364 | D:3      | Gained mutation: Spells you cast may paralyse nearby
                  | enemies. [demonic ancestry]
  3364 | D:3      | Reached XP level 5. HP: 12/43 MP: 5/5
  3624 | D:3      | Found a blossoming altar of Fedhas.
  3864 | D:3      | Found a basalt altar of Yredelemnul.
  4456 | D:4      | Noticed an ogre
  4459 | D:4      | Killed an ogre
  4460 | D:4      | Reached skill level 5 in Fighting
  4460 | D:4      | Reached XP level 6. HP: 51/51 MP: 6/6
  4504 | D:4      | Reached skill level 5 in Axes
  4545 | D:4      | Noticed Grinder
  4546 | D:4      | Paralysed by Grinder for 2 turns
  4554 | D:4      | Killed Grinder
  4555 | D:4      | Reached skill level 6 in Fighting
  4555 | D:4      | Reached XP level 7. HP: 58/58 MP: 7/7
  4577 | D:4      | Slain by an orc priest

Illustrated notes

Levels and vault maps discovered:
D:1:      ldierk_walled_garden, layout_basic,
          shapermc_ecumenical_altar_hornbeckon
D:2:      layout_loops_corners
D:3:      layout_loops_cross, lemuel_tele_altar,
          mainiacjoe_overflow_small_starburst, fedhas_altar_2,
          nicolae_vehumet_radiance
D:4:      layout_rooms, general_overflow_altar, nicolae_gozag_zags_fifth_avenue,
          minmay_temple_entry_glass, grunt_ministairs_10, dk_noncrumbling_3,
          uniq_grinder

Skill      XL: |  1  2  3  4  5  6 |
---------------+-------------------+-----
Axes           | 3 4 5 |  5.5
Fighting       | 4 5 6 |  6.1
Armour         | |  1.7
Dodging        | |  1.7

Action                   |  1- 3 |  4- 6 |  7- 9 || total
-------------------------+-------+-------+-------++-------
Melee: Hand axe          |   110 |    85 |       ||   195
       Punch             |     1 |     4 |       ||     5
       Spear             |       |    19 |       ||    19
       Flail             |       |    29 |    22 ||    51
Invok: Berserk           |       |     3 |       ||     3
       Trog's Hand       |       |     1 |     1 ||     2
 Stab: Sleeping          |     2 |       |       ||     2
Armor: Animal skin       |    19 |     2 |       ||    21
       Leather armour    |       |    10 |     1 ||    11
Dodge: Dodged            |   103 |    57 |    14 ||   174
Block: Other             |       |    26 |     4 ||    30
